 Dungeon Crawl Stone Soup version 0.21-a0-472-g223bcb9 (webtiles) character file.

104 slep the Slasher (level 4, -2/35 HPs)
             Began as a Demonspawn Monk on Nov 22, 2017.
             Killed by divine providence
             ... invoked by an orc priest
              (11 damage)
             ... on level 3 of the Dungeon.
             The game lasted 00:04:41 (1285 turns).

slep the Slasher (Demonspawn Monk)                  Turns: 1285, Time: 00:04:44

Health: -2/35      AC:  2    Str: 11    XL:     4   Next: 52%
Magic:  13/13      EV: 13    Int: 11    God:
Gold:   71         SH:  0    Dex: 17    Spells: 3/3 levels left

rFire    . . .     SeeInvis .   a - +0 falchion
rCold    . . .     Gourm    .   (no shield)
rNeg     . . .     Faith    .   b - +0 robe
rPois    .         Spirit   .   (no helmet)
rElec    .         Reflect  .   (no cloak)
rCorr    .         Harm     .   (no gloves)
MR       .....                  (no boots)
Stlth    ++........             (no amulet)
HPRegen  0.11/turn              l - ring of magical power
MPRegen  0.13/turn              (no ring)

@: no status effects
A: spiny 1
a: no special abilities


You were on level 3 of the Dungeon.
You were not hungry.

You visited 1 branch of the dungeon, and saw 3 of its levels.

You collected 71 gold pieces.

Inventory:

Hand Weapons
 a - a +0 falchion (weapon)
Missiles
 k - 2 javelins (quivered)
Armour
 b - a +0 robe (worn)
Jewellery
 l - a ring of magical power (left hand)
 n - an uncursed ring of magical power
Scrolls
 d - a scroll of identify {unknown}
 e - 2 scrolls of teleportation {unknown}
 g - a scroll of blinking {unknown}
 i - a scroll of enchant weapon {unknown}
 j - a scroll of fog {unknown}
 m - a scroll of fear {unknown}
Potions
 f - a potion of flight {unknown}
Comestibles
 c - 3 bread rations
 h - 5 meat rations
 o - 2 chunks of flesh


   Skills:
 + Level 3.5 Fighting
 + Level 3.8 Long Blades
 + Level 3.1 Dodging
 + Level 2.4 Stealth


You had 3 spell levels left.
You didn't know any spells.

Dungeon Overview and Level Annotations

Branches:
Dungeon (3/15)

Altars:
Cheibriados
Hepliaklqana
Nemelex Xobeh


Innate Abilities, Weirdness & Mutations

You are partially covered in sharp spines.


Message History

The orc priest misses you.
You riposte.
You hit the orc priest.
The orc priest is heavily wounded.
You hit the orc priest but do no damage.
The orc priest is heavily wounded.
The orc priest closely misses you.
You hit the orc priest.
The orc priest is almost dead.
You barely miss the orc.
The orc priest mumbles some strange prayers to Beogh against you.
Beogh smites you! The orc barely misses you.
You riposte.
You barely miss the orc.
The orc priest is struck by your spines.
The orc priest barely misses you. The orc hits you with a hand axe.
You closely miss the orc priest.
The orc priest is almost dead.
The orc hits you with a short sword.
* * * LOW HITPOINT WARNING * * *
The orc priest calls down the wrath of Beogh upon you.
Beogh smites you!
You die...

..#.#.......##... .....
................. .....
........####..... ......
###############..... ......
#............##.....
......##...................
.......................#...
..........oo...........#...
.........o@)...........#...
........#.#................
............#####..........
.o......#.#.# #..........
............# #..........
............#####..........
............#..............
...........................
........................##


You could see an orc priest and 2 orcs.

Vanquished Creatures
  A howler monkey (D:3)
  An adder (D:2)
  An ooze (D:1)
  2 worms
  2 dart slugs
  2 orcs (D:3)
  2 ball pythons
  A giant cockroach (D:3)
  3 goblins
  3 hobgoblins
  4 jackals (D:3)
  2 kobolds
  A quokka (D:3)
  4 bats
  6 frilled lizards
  5 rats
40 creatures vanquished.

Notes
Turn   | Place    | Note
-------+----------+-------------------------------------------
     0 | D:1      | slep the Demonspawn Monk began the quest for the Orb.
     0 | D:1      | Reached XP level 1. HP: 18/18 MP: 1/1
    41 | D:1      | Gained mutation: You are partially covered in sharp spines. [demonic ancestry]
    41 | D:1      | Reached XP level 2. HP: 15/24 MP: 2/2
   384 | D:2      | Found a sparkling altar of Nemelex Xobeh.
   423 | D:2      | Reached XP level 3. HP: 7/29 MP: 3/3
   770 | D:2      | Found a hazy altar of Hepliaklqana.
   770 | D:2      | Found a snail-covered altar of Cheibriados.
  1218 | D:3      | Reached XP level 4. HP: 34/35 MP: 4/4
  1285 | D:3      | Killed from afar by an orc priest

Vault maps used:
D:1:      doesnt_arrival_eight_statues
D:2:      lemuel_crystal_altar, gammafunk_temple_overflow_elements, first_bread,
          nemelex_lonely_heart_becter
D:3:      led_sif_pool, serial_glass, glass_columns_b, glass_columns_a,
          glass_columns_a

Skill      XL: |  1  2 |
---------------+-------+-----
Long Blades    | 3 |  3.8
Dodging        | 3 |  3.1
Stealth        | 2 |  2.4
Fighting       | |  3.5

Action                   |  1- 3 |  4- 6 || total
-------------------------+-------+-------++-------
Melee: Falchion          |    88 |    20 ||   108
 Stab: Sleeping          |     6 |       ||     6
  Eat: Chunk             |     1 |       ||     1
Armor: Robe              |     5 |     2 ||     7
Dodge: Dodged            |    54 |    16 ||    70
       Rpst.: Falchion   |    15 |     3 ||    18

Table legend:
 A = Spawn XP
 B = Non-spawn XP
 C = Spawn XP percentage of total XP
 D = Spawn monster count
 E = Non-spawn monster count
 F = Spawn count percentage of total count
 G = Total turns spent on level
                    A         B        C        D         E        F      G
               +---------+---------+-------+---------+---------+-------+---------
         Total |       0 |     149 |   0.0 |       0 |      40 |   0.0 |  1285
               +---------+---------+-------+---------+---------+-------+---------
           D:1 |       0 |      22 |   0.0 |       0 |      10 |   0.0 |   167
           D:2 |       0 |      32 |   0.0 |       0 |      13 |   0.0 |   695
           D:3 |       0 |      95 |   0.0 |       0 |      17 |   0.0 |   423
               +---------+---------+-------+---------+---------+-------+---------
